 Dungeon Crawl Stone Soup version 0.22-a0-769-g178e55541d (webtiles) character file.

25 Marius the Vexing (level 3, -5/24 HPs)
             Began as a Human Enchanter on July 17, 2018.
             Slain by a hobgoblin
             ... wielding a +0 club
              (6 damage)
             ... on level 2 of the Dungeon.
             The game lasted 00:02:49 (818 turns).

Marius the Vexing (Human Enchanter)                  Turns: 818, Time: 00:02:50

Health: -5/24      AC:  2    Str:  8    XL:     3   Next: 20%
Magic:  6/6        EV: 12    Int: 16    God:
Gold:   73         SH:  0    Dex: 13    Spells: 5/6 levels left

rFire    . . .     SeeInvis .   a - +1 dagger
rCold    . . .     Gourm    .   (no shield)
rNeg     . . .     Faith    .   b - +0 robe
rPois    .         Spirit   .   (no helmet)
rElec    .         Reflect  .   (no cloak)
rCorr    .         Harm     .   (no gloves)
MR       .....                  (no boots)
Stlth    ++........             (no amulet)
HPRegen  0.08/turn              (no ring)
MPRegen  0.10/turn              (no ring)

@: no status effects
A: no striking features
a: no special abilities


You were on level 2 of the Dungeon.
You were not hungry.

You visited 1 branch of the dungeon, and saw 2 of its levels.

You collected 73 gold pieces.

Inventory:

Hand Weapons
 a - a +1 dagger (weapon)
 e - a +0 club
 i - a +0 dagger
Missiles
 c - 62 arrows
Armour
 b - a +0 robe (worn)
 h - a +0 robe
 j - a +0 ring mail
Jewellery
 m - an uncursed ring of positive energy {unknown}
 o - a +3 ring of intelligence {unknown}
Scrolls
 f - a scroll of enchant weapon {unknown}
 k - a scroll of random uselessness {unknown}
 l - a scroll of identify {unknown}
 n - a scroll of noise {unknown}
 p - a scroll of immolation {unknown}
 q - a scroll of remove curse {unknown}
Potions
 g - a potion of lignification {unknown}
Comestibles
 d - 3 rations


   Skills:
 + Level 1.2 Short Blades
 + Level 2.0 Dodging
 + Level 3.5 Stealth
 + Level 2.1 Spellcasting
 + Level 3.5 Hexes


You had 5 spell levels left.
You knew the following spells:

 Your Spells              Type           Power        Failure   Level  Hunger
a - Corona                Hex            ##.....      4%          1    #......

Your spell library contained the following spells:

 Spells                   Type           Power        Failure   Level  Hunger
 Confuse                  Hex            ##......     14%         3    ###....
 Tukima's Dance           Hex            ##......     14%         3    ###....
 Ensorcelled Hibernation  Hex/Ice        #.....       16%         2    ###....
 Dazzling Spray           Conj/Hex       #.....       30%         3    ###....


Dungeon Overview and Level Annotations

Branches:
Dungeon (2/15)

Altars:


Message History

The bat is severely wounded.
The bat hits you. The bat barely misses you.
The hobgoblin shouts!
You hit the bat but do no damage.
The bat is severely wounded.
The bat misses you. The bat hits you. The bat completely misses you.
The bat hits you.
* * * LOW HITPOINT WARNING * * *
The bat closely misses you.
You see here a scroll labeled RELYAX LI ENEO.
The bat closely misses you. The hobgoblin hits you with a club.
* * * LOW HITPOINT WARNING * * *
The bat hits you but does no damage. x3; The hobgoblin hits you with a club.
* * * LOW HITPOINT WARNING * * *
The bat barely misses you.
There is a stone staircase leading up here.
You closely miss the bat.
The bat is moderately wounded.
The bat misses you. The hobgoblin hits you with a club.
You die...

#............###
###......#........
.......>........
#............
##..###.#..#
#).........#
#..####.#.##
#?g####.#.#
#..@....#.#
#b##..###<##
#.#.##.......#
#.........†..#
###.###.####.# #.#
#.# #.# #.# #.#
#.# #.# #.# #.#
... ...


You could see a hobgoblin and a bat.

Vanquished Creatures
  3 leopard geckos (D:1)
  A ball python (D:1)
  2 bats (D:2)
  3 hobgoblins
  2 frilled lizards (D:1)
  4 goblins (D:1)
  3 kobolds (D:1)
  4 rats (D:1)
22 creatures vanquished.

Notes
Turn   | Place    | Note
-------+----------+-------------------------------------------
     0 | D:1      | Marius the Human Enchanter began the quest for the Orb.
     0 | D:1      | Reached XP level 1. HP: 13/13 MP: 3/3
   206 | D:1      | Reached XP level 2. HP: 13/19 MP: 5/5
   531 | D:1      | Reached XP level 3. HP: 8/24 MP: 6/6
   816 | D:2      | HP: 1/24 [hobgoblin/club (3)]
   818 | D:2      | Slain by a hobgoblin

Vault maps used:
D:1:      saegor_arrival_simple_a
D:2:      serial_undead, serial_undead_d, serial_undead_d, serial_undead_f,
          serial_undead_e

Action                   || total
-------------------------++-------
Melee: Dagger            ||    82
 Stab: Sleeping          ||     3
Armor: Robe              ||    24
Dodge: Dodged            ||    67

Table legend:
 A = Spawn XP
 B = Non-spawn XP
 C = Spawn XP percentage of total XP
 D = Spawn monster count
 E = Non-spawn monster count
 F = Spawn count percentage of total count
 G = Total turns spent on level
                    A         B        C        D         E        F      G
               +---------+---------+-------+---------+---------+-------+---------
         Total |       0 |      37 |   0.0 |       0 |      22 |   0.0 |   818
               +---------+---------+-------+---------+---------+-------+---------
           D:1 |       0 |      32 |   0.0 |       0 |      19 |   0.0 |   761
           D:2 |       0 |       5 |   0.0 |       0 |       3 |   0.0 |    57
               +---------+---------+-------+---------+---------+-------+---------
